 Dungeon Crawl Stone Soup version 0.28.0-45-g0d030f2227 (webtiles) character file.

Game seed: 17774379244156856945

1255 Kziril the Skirmisher (level 8, -6/54 HPs)
             Began as a Gargoyle Fighter on Apr 18, 2022.
             Mangled by a gnoll
             ... wielding a +0 halberd
              (11 damage)
             ... on level 5 of the Dungeon on Apr 19, 2022.
             The game lasted 00:13:21 (5122 turns).

Kziril the Skirmisher (Gargoyle Fighter)            Turns: 5122, Time: 00:13:21

Health: -6/54      AC: 16    Str: 21    XL:     8   Next: 51%
Magic:  8/8        EV:  9    Int:  8    God:
Gold:   195        SH:  5    Dex: 11    Spells: 7/7 levels left

rFire   . . .      SeeInvis .   l - +2 whip (freeze)
rCold   . . .      Faith    .   c - +0 buckler
rNeg    + . .      Spirit   .   b - +0 scale mail
rPois   ∞          Reflect  .   (no helmet)
rElec   +          Harm     .   m - +0 cloak
rCorr   .          Rampage  .   j - +1 pair of gloves
Will    .....                   (no boots)
Stlth   ..........              (no amulet)
HPRegen 0.18/turn               (no ring)
MPRegen 0.11/turn               (no ring)

@: slowed, very slow
A: sickness immunity, AC +5, negative energy resistance 1, electricity
resistance, torment resistance 1, petrification resistance
a: no special abilities


You were on level 5 of the Dungeon.
You visited 1 branch of the dungeon, and saw 6 of its levels.

You collected 195 gold pieces.

Inventory:

Hand Weapons
 l - a +2 whip of freezing (weapon)
Armour
 b - a +0 scale mail (worn)
 c - a +0 buckler (worn)
 j - a +1 pair of gloves (worn)
 m - a +0 cloak (worn)
Wands
 g - a wand of flame (28)
Scrolls
 h - 4 scrolls of identify {unknown}
 k - a scroll of amnesia {unknown}
 n - a scroll of blinking {unknown}
 o - a scroll of vulnerability {unknown}
Potions
 a - 2 potions of flight {unknown}
 d - a potion of might
 e - 2 potions of mutation {unknown}
 f - 3 potions of curing {unknown}
 i - 3 potions of heal wounds {unknown}


   Skills:
 * Level 7.6 Fighting
 + Level 4.8 Maces & Flails
 + Level 5.9 Armour
 + Level 5.8 Shields


You had 7 spell levels left.
You didn't know any spells.
Your spell library contained the following spells:

 Spells                   Type           Power      Damage    Failure   Level
 Animate Skeleton         Necr           0%         N/A       80%         1
 Pain                     Necr           0%         1d4       80%         1
 Static Discharge         Conj/Air       0%         N/A       91%         2
 Call Canine Familiar     Summ           0%         N/A       99%         3
 Ignite Poison            Fire/Tmut/Pois 0%         N/A       99%         3
 Mephitic Cloud           Conj/Pois/Air  0%         N/A       99%         3
 Portal Projectile        Hex/Tloc       0%         N/A       99%         3
 Vampiric Draining        Necr           0%         2d6       99%         3
 Hailstorm                Conj/Ice       0%         3d3       100%        4
 Ice Form                 Ice/Tmut       0%         N/A       100%        4
 Leda's Liquefaction      Hex/Erth       0%         N/A       100%        4
 Freezing Cloud           Conj/Ice/Air   0%         6-21      100%        5
 Lightning Bolt           Conj/Air       0%         1d11      100%        5
 Simulacrum               Ice/Necr       0%         N/A       100%        6
 Maxwell's Capacitive Co  Air            0%         ∞         100%        8


Dungeon Overview and Level Annotations

Branches:
Dungeon (6/15)             Temple (0/1) D:4

Altars:
Okawaru
Sif Muna
Yredelemnul


Innate Abilities, Weirdness & Mutations

You are immune to sickness and miasma.
Your stone body is resilient. (AC +5)
You are immune to poison.
You resist negative energy. (rN+)
You are resistant to electric shocks. (rElec)
You are resistant to unholy torment.
You are immune to petrification.


Message History

The wraith drains your vigour!
You feel yourself slow down.
You hit the wraith but do no damage.
The wraith is severely damaged.
The gnoll barely misses you. The wraith closely misses you.
The gnoll hits you but does no damage.
You hit the wraith but do no damage.
The wraith is severely damaged.
The wraith hits you but does no damage. The gnoll closely misses you.
The wraith barely misses you.
You hit the wraith but do no damage.
The wraith is severely damaged.
The gnoll hits you from afar with a +0 halberd.
* * * LOW HITPOINT WARNING * * *
The wraith closely misses you. The gnoll barely misses you.
You hit the wraith. You freeze the wraith.
The wraith is almost destroyed.
The wraith barely misses you. The gnoll closely misses you.
The wraith hits you.
* * * LOW HITPOINT WARNING * * *
The wraith drains your vigour!
You feel as though you will be slow longer.
You hit the wraith.
The wraith is almost destroyed.
The gnoll hits you but does no damage. The wraith hits you!
* * * LOW HITPOINT WARNING * * *
You hit the wraith.
The wraith is almost destroyed.
The gnoll closely misses you. You block the wraith's attack.
The gnoll misses you.
You hit the wraith. You freeze the wraith.
You destroy the wraith!
A gnoll comes into view. It is wielding a +0 club.
The gnoll closely misses you.
You barely miss the quokka.
The gnoll shouts!
The quokka completely misses you. The gnoll closely misses you.
The quokka bites you but does no damage.
You barely miss the quokka.
The gnoll hits you from afar with a +0 halberd!
You die...

##.......#
#.....###.##.......##.
#.......#
#..............).....#
#.......#
#............†.....#.#
#.......#
#....)...........###.#
#.......#
###'##......#+#.## #
###.##### #.##......#
#... #..# #.##......#
####.# ##)##
#.######### #<...#
#..# #gr@.ggg..#
###### ##.##
#.######... #..#
#.######..
##.######g#.......
###.......r'.......
#....<.....#.....##
#.##......W#.....#
#................#
#.##..####.##...##


You could see 4 gnolls and a quokka.

Vanquished Creatures
  A wraith (D:5)
  A black bear (D:4)
  A necrophage (D:5)
  A centaur (D:5)
  2 ogres (D:5)
  2 howler monkeys (D:4)
  2 centaur zombies
  2 gnoll shamans (D:5)
  2 orc priests
  Crazy Yiuf (D:3)
  An iguana (D:5)
  3 orc wizards
  Natasha (thrice) (D:4)
  A hound skeleton (D:5)
  5 adders
  7 gnolls
  A howler monkey skeleton (D:4)
  An ufetubus (D:4)
  An adder skeleton (D:4)
  A worm (D:3)
  2 dart slugs
  7 orcs
  7 endoplasms
  5 giant cockroaches
  6 hobgoblins
  6 jackals
  4 kobolds
  7 ball pythons
  7 bats
  3 goblins
  5 rats
98 creatures vanquished.

Notes
Turn   | Place    | Note
-------+----------+-------------------------------------------
     0 | D:1      | Kziril the Gargoyle Fighter began the quest for the Orb.
     0 | D:1      | Reached XP level 1. HP: 14/14 MP: 1/1
   189 | D:1      | Reached XP level 2. HP: 19/19 MP: 2/2
   647 | D:1      | Reached XP level 3. HP: 21/24 MP: 3/3
  1340 | D:2      | Reached skill level 4 in Fighting
  1449 | D:2      | Reached XP level 4. HP: 22/29 MP: 4/4
  1798 | D:2      | Found a runed translucent door.
  1799 | D:2      | Noticed Crazy Yiuf
  2396 | D:3      | Killed Crazy Yiuf
  2624 | D:3      | Reached XP level 5. HP: 27/34 MP: 5/5
  2714 | D:4      | Found a basalt altar of Yredelemnul.
  2781 | D:3      | Reached skill level 5 in Fighting
  3334 | D:4      | Found a shimmering blue altar of Sif Muna.
  3383 | D:4      | Found a staircase to the Ecumenical Temple.
  3395 | D:4      | Reached XP level 6. HP: 19/40 MP: 6/6
  3640 | D:4      | Noticed a black bear
  3651 | D:4      | Killed a black bear
  3754 | D:5      | Entered Level 5 of the Dungeon
  3805 | D:4      | Noticed Natasha
  3815 | D:4      | Killed Natasha
  3887 | D:4      | Noticed Natasha
  3894 | D:4      | Killed Natasha
  3917 | D:4      | Noticed Natasha
  3933 | D:4      | Killed Natasha
  3934 | D:4      | Reached XP level 7. HP: 44/45 MP: 7/7
  4022 | D:4      | Reached skill level 6 in Fighting
  4160 | D:4      | Reached skill level 5 in Armour
  4243 | D:4      | Found an iron altar of Okawaru.
  4512 | D:5      | Reached skill level 5 in Shields
  4730 | D:5      | Reached skill level 7 in Fighting
  4730 | D:5      | Reached XP level 8. HP: 24/53 MP: 8/8
  5075 | D:5      | Noticed a wraith
  5120 | D:5      | Killed a wraith
  5122 | D:5      | Mangled by a gnoll

Illustrated notes

Levels and vault maps discovered:
D:1:      psy_arrival_radial02, layout_loops_ring, serial_forest,
          infiniplex_forest_clump_cross, infiniplex_forest_zigzag_2,
          infiniplex_forest_lined_corner, infiniplex_forest_clump_C,
          infiniplex_forest_corner_1, infiniplex_forest_lined_3_way,
          infiniplex_forest_lined_room_3, infiniplex_forest_lined_2,
          minmay_misc_feat_rows, minivault_25, minmay_worlds_worst_comb
D:2:      layout_basic, uniq_crazy_yiuf_cottage
D:3:      layout_basic
D:4:      layout_basic, nicolae_overflow_crystal_walls,
          mainiacjoe_overflow_large_starburst, minmay_temple_entry_proselytizer,
          uniq_natasha
D:5:      layout_basic, serial_shops, nicolae_take_the_stairs
D:6:      layout_gridville, minmay_liquid_box,
          minmay_a_box_with_orc_wizards_in_it, uniq_eustachio

Skill      XL: |  1  2  3  4  5  6  7 |
---------------+----------------------+-----
Fighting       | 4 5 7 |  7.6
Armour         | 4 5 |  5.9
Shields        | 4 5 |  5.8
Maces & Flails | 3 4 |  4.8

Action                   |  1- 3 |  4- 6 |  7- 9 || total
-------------------------+-------+-------+-------++-------
Melee: Flail             |    97 |    19 |       ||   116
       Whip              |       |   132 |   200 ||   332
Evoke: Wand              |       |       |     1 ||     1
  Use: Scroll            |     1 |       |       ||     1
 Stab: Invisible         |       |     1 |       ||     1
Armor: Scale mail        |    57 |    86 |   100 ||   243
Dodge: Dodged            |    53 |    41 |    88 ||   182
Block: Buckler           |    21 |    28 |    32 ||    81
